 Dungeon Crawl Stone Soup version 0.31-a0-1589-g8f5e8aebd6 (webtiles) character file.

Game seed: 7923038340673091975

1554873 MackTheKnife the Conqueror (level 26, 366/366 HPs)
             Began as an Oni Fire Elementalist on Jan 3, 2024.
             Was a High Priest of Hepliaklqana.
             Escaped with the Orb
             ... and 3 runes on Jan 5, 2024!
             The game lasted 02:08:43 (75620 turns).

MackTheKnife the Conqueror (Oni Fire Elementalist) Turns: 75620, Time: 02:08:44

Health: 366/366    AC: 32    Str: 26    XL:     26   Next: 31%
Magic:  38/38      EV: 17    Int: 16    God:    Hepliaklqana [*****.]
Gold:   5491       SH: 37    Dex: 17    Spells: 24/47 levels left

rFire   + . .        F - +9 broad axe (freeze) {axe}
rCold   + + +        l - +6 tower shield {AC+3}
rNeg    + . .        f - melded +0 swamp dragon scales
rPois   ∞            (helmet restricted)
rElec   +            e - scarf {rC+ rF+}
rCorr   .            (gloves unavailable)
SInv    +            (boots unavailable)
Will    +++..        R - amulet of reflection
Stlth   +            I - ring of Happiness {Ice Str+6 Dex+4 SInv Stlth-}
HPRegen 0.81/turn    V - ring of Cheibriados's Whim {rF+ rC+ Will+ Str-3}
MPRegen 0.26/turn

%: reflection
@: statue-form, very slow
A: slow and powerful, torment resistance 1, boosted hp, reduced essence, large,
unfitting armour, horns 1, (tough skin 1), double potion healing, drunken
brawling, talons 2, large bone plates 1, (shaggy fur 1)
0: Orb of Zot
}: 3/15 runes: decaying, silver, gossamer
a: Begin Untransformation, Renounce Religion, Recall Ancestor, Ancestor
Identity, Transference, Idealise


You escaped.
You worshipped Hepliaklqana.
Hepliaklqana was extremely pleased with you.
You were a living statue of rough stone.
You visited 9 branches of the dungeon, and saw 47 of its levels.
You also visited: Ossuary, Ice Cave and Desolation.

You collected 7336 gold pieces.
You spent 1845 gold pieces at shops.


Innate Abilities, Weirdness & Mutations

You are a living statue of rough stone.
Your actions are slow, but your melee attacks are powerful.
You are resistant to unholy torment.
Your maximum health is greatly increased.
Your equipment is partially melded.
Your life essence is reduced to manifest your ancestor. (-10% HP)
You are too large for most types of armour.
You are immune to poison.
You have a pair of small horns on your head.
((You have tough skin. (AC +1)))
You gain doubled healing and magic from potions.
Whenever you drink a healing potion, you attack all around you.
You have razor-sharp toenails.
You are partially covered in large bone plates. (SH +4)
((You are covered in fur. (AC +1)))


   Skills:
 O Level 27 Fighting
 - Level 18.0 Axes
 - Level 14.0 Dodging
 - Level 1.4 Stealth
 - Level 20.0 Shields
 - Level 11.1 Spellcasting
 - Level 8.0 Conjurations
 - Level 8.0 Necromancy
 - Level 8.0 Fire Magic
 - Level 4.0 Air Magic
 - Level 8.0 Earth Magic
 - Level 4.0 Alchemy
 - Level 10.0 Invocations
 - Level 4.0 Evocations
 + Level 17.8 Shapeshifting


You had 24 spell levels left.
You knew the following spells:

 Your Spells              Type           Power      Damage    Failure   Level
a - Foxfire               Conj/Fire      100%       2x1d9     1%          1
b - Scorch                Fire           68%        2d7       1%          2
c - Mephitic Cloud        Conj/Alch/Air  26%        N/A       4%          3
d - Fugue of the Fallen   Necr           34%        N/A       1%          3
e - Borgnjor's Vile Clut  Necr/Erth      17%        N/A       14%         5
f - Fireball              Conj/Fire      17%        3d9       14%         5
A - Animate Dead          Necr           34%        N/A       4%          4

Your spell library contained the following spells:

 Spells                   Type           Power      Damage    Failure   Level
 Kiss of Death            Conj/Necr      100%       2d13      1%          1
 Magic Dart               Conj           100%       1d8       1%          1
 Necrotise                Necr           100%       1d9       1%          1
 Sting                    Conj/Alch      100%       1d9       1%          1
 Searing Ray              Conj           68%        2d6       1%          2
 Static Discharge         Conj/Air       56%        3-6/arc   1%          2
 Passwall                 Erth           34%        N/A       1%          3
 Stone Arrow              Conj/Erth      68%        3d11      1%          3
 Vampiric Draining        Necr           34%        2d8       1%          3
 Cigotuvi's Dreadful Rot  Necr/Alch/Air  52%        N/A       2%          2
 Brom's Barrelling Bould  Conj/Erth      34%        2d5       4%          4
 Dispel Undead            Necr           34%        3d15      4%          4
 Flame Wave               Conj/Fire      34%        2d10      4%          4
 Dazzling Flash           Conj/Hex       42%        N/A       8%          3
 Inner Flame              Hex/Fire       21%        N/A       8%          3
 Volatile Blastmotes      Fire/Tloc      42%        2d13      8%          3
 Fulminant Prism          Conj/Alch      14%        3d8       11%         4
 Ignite Poison            Fire/Alch      28%        N/A       11%         4
 Petrify                  Alch/Erth      28%        N/A       11%         4
 Sticky Flame             Fire/Alch      28%        2d7       11%         4
 Apportation              Tloc           16%        N/A       13%         1
 Freeze                   Ice            52%        1d6       13%         1
 Slow                     Hex            32%        N/A       13%         1
 Summon Small Mammal      Summ           32%        N/A       13%         1
 Curse of Agony           Necr           34%        N/A       14%         5
 Iskenderun's Battlesphe  Conj           34%        2d9       14%         5
 Call Imp                 Summ           16%        N/A       21%         2
 Ensorcelled Hibernation  Hex/Ice        26%        N/A       21%         2
 Airstrike                Air            10%        2d(2-18)  26%         4
 Anguish                  Hex/Necr       10%        N/A       26%         4
 Animate Armour           Summ/Erth      42%        N/A       26%         4
 Iskenderun's Mystic Bla  Conj/Tloc      21%        2d6       26%         4
 Martyr's Knell           Necr/Summ      21%        N/A       26%         4
 Summon Blazeheart Golem  Fire/Summ      21%        N/A       26%         4
 Irradiate                Conj/Alch      14%        3d16      30%         5
 Call Canine Familiar     Summ           8%         N/A       36%         3
 Confusing Touch          Hex            8%         N/A       36%         3
 Gell's Gravitas          Tloc           8%         N/A       36%         3
 Sigil of Binding         Hex            8%         N/A       36%         3
 Teleport Other           Tloc           8%         N/A       36%         3
 Bombard                  Conj/Erth      17%        9d3       58%         6
 Death Channel            Necr           17%        N/A       58%         6
 Starburst                Conj/Fire      17%        6d6       58%         6
 Cause Fear               Hex            4%         N/A       78%         4
 Passage of Golubria      Tloc           8%         N/A       78%         4
 Silence                  Hex/Air        7%         N/A       85%         5
 Conjure Ball Lightning   Conj/Air       14%        3x3d6     86%         6
 Plasma Beam              Fire/Air       14%        2x1d25    86%         6
 Orb of Destruction       Conj           17%        9d7       99%         7
 Dispersal                Tloc           4%         N/A       100%        6
 Sculpt Simulacrum        Ice/Alch       11%        N/A       100%        6
 Haunt                    Necr/Summ      10%        N/A       100%        7
 Monstrous Menagerie      Summ           4%         N/A       100%        7
 Ozocubu's Refrigeration  Ice            6%         4d8       100%        7
 Spellforged Servitor     Conj/Summ      10%        N/A       100%        7
 Summon Hydra             Summ           4%         N/A       100%        7
 Ignition                 Fire           17%        3d7       100%        8
 Infestation              Necr           17%        N/A       100%        8
 Lehudib's Crystal Spear  Conj/Erth      17%        10d5      100%        8
 Dragon's Call            Summ           4%         N/A       100%        9
 Polar Vortex             Ice            6%         N/A       100%        9
 Sublimation of Blood     Necr           Unusable   N/A       N/A         2

Inventory:

Hand Weapons
 t - the +11 demon trident of the Evil Eye {freeze, ^Drain Fly rF+++ rCorr, polearm}
   (You found it on level 3 of the Depths)

   rF+++:     It renders you almost immune to fire.
   Fly:       It grants you flight.
   rCorr:     It protects you from acid and corrosion.
   ^Drain:    It drains your maximum health when unequipped.
 F - a +9 broad axe of freezing (weapon) {axe}
   (You found it on level 4 of the Lair of Beasts)
Armour
 e - a scarf of resistance (worn)
   (You found it on level 4 of the Spider Nest)
 f - +0 swamp dragon scales (melded)
   (You found it on level 4 of the Swamp)
 l - a +6 tower shield of protection (worn)
   (You took it off Mennas on level 2 of the Vaults)
Jewellery
 a - the dreamshard necklace {Acrobat *Dream}
   (You took it off a deep elf knight on level 3 of the Elven Halls)

   [amulet of the acrobat]

   *Dream:    It absorbs a single lethal wound into itself, holding its wearer
   just short of death and releasing dream-creatures to guard them.
   Acrobat:   It increases your evasion while moving and waiting.
 I - the ring of Happiness (left fist) {Ice Str+6 Dex+4 SInv Stlth-}
   (You found it in the Desolation of Salt)

   [ring of ice]

   Ice:       It enhances your ice magic.
   Str+6:     It affects your strength (+6).
   Dex+4:     It affects your dexterity (+4).
   rF-:       It makes you vulnerable to fire.
   rC+:       It protects you from cold.
   SInv:      It lets you see invisible.
   Stlth-:    It makes you less stealthy.
 L - a ring of flight
   (You found it on level 2 of the Lair of Beasts)
 R - an amulet of reflection (around neck)
   (You found it in the Desolation of Salt)
 T - a ring of positive energy
   (You took it off a tengu reaver on level 5 of the Vaults)
 V - the ring of Cheibriados's Whim (right fist) {rF+ rC+ Will+ Str-3}
   (You found it on level 3 of the Vaults)

   [ring of protection from fire]

   Str-3:     It affects your strength (-3).
   rF+:       It protects you from fire.
   rC+:       It protects you from cold.
   Will+:     It increases your willpower.
Talismans
 g - the serpent talisman "Ahopt" {rF+}
   (You took it off Aizul on level 3 of the Elven Halls)

   [serpent talisman]

   rF+:       It protects you from fire.
 x - a granite talisman (active)
   (You took it off Roxanne on level 2 of the Swamp)
Wands
 q - a wand of polymorph (17)
   (You took it off Ijyb on level 3 of the Dungeon)
 s - a wand of flame (87)
   (You found it on level 4 of the Dungeon)
 y - a wand of mindburst (32)
   (You found it on level 6 of the Dungeon)
 z - a wand of charming (20)
   (You found it on level 3 of the Elven Halls)
 B - a wand of light (7)
   (You found it on level 3 of the Elven Halls)
 C - a wand of iceblast (39)
   (You found it on level 1 of the Lair of Beasts)
 N - a wand of digging (5)
   (You found it on level 3 of the Lair of Beasts)
Scrolls
 h - 10 scrolls of vulnerability {!r!r}
 m - 9 scrolls of teleportation {@r4}
 n - 5 scrolls of poison {!r}
 p - 8 scrolls of fear
 r - 7 scrolls of amnesia
 w - 4 scrolls of fog
 A - 3 scrolls of silence {!r}
 H - 4 scrolls of blinking {!r}
 O - a scroll of revelation
 U - a scroll of brand weapon
 W - 23 scrolls of identify {@r1}
 X - a scroll of summoning
 Y - a scroll of immolation {!r!r}
Potions
 b - 6 potions of magic
 c - 9 potions of brilliance
 d - 3 potions of haste {@q3}
 j - 4 potions of ambrosia
 k - a potion of invisibility
 o - 9 potions of curing {@q1}
 u - 9 potions of lignification {!q}
 v - 12 potions of mutation {!q}
 D - a potion of might
 E - 4 potions of resistance
 M - 9 potions of heal wounds {@q2}
 Q - a potion of enlightenment
 S - 3 potions of berserk rage {!q}
Miscellaneous
 i - a phial of floods
   (You found it on level 5 of the Vaults)
 G - a phantom mirror
   (You found it in the Desolation of Salt)
 J - a lightning rod (4/4)
   (You found it on level 3 of the Vaults)
 K - a condenser vane
   (You found it in the Desolation of Salt)
 P - a sack of spiders
   (You found it on level 4 of the Vaults)

Dungeon Overview and Level Annotations

Branches:
Dungeon (15/15)            Temple (0/1) D:4            Lair (5/5) D:8
  Swamp (4/4) Lair:2       Spider (4/4) Lair:3        Slime (0/5) Lair:5
    Orc (2/2) D:9             Elf (3/3) Orc:2        Vaults (5/5) D:14
  Crypt (0/3) Vaults:2     Depths (4/4) D:15            Zot (5/5) Depths:4
Ossuary (visited)           IceCv (visited)         Desolation (visited)

Altars:
Dithmenos
Elyvilon
Fedhas
Gozag
Hepliaklqana
Kikubaaqudgha
Makhleb
Okawaru
Qazlal
Trog
Vehumet
Wu Jian
Xom
The Shining One
Jiyva

Shops:
D:7 *   D:8 !   Orc:2 ?[?:   Elf:2 *   Vaults:1 *   Vaults:2 :[   Vaults:4 [

Portals:
Hell: Depths:1 Depths:2 Depths:3 Depths:4
Abyss: Depths:1 Depths:3 Depths:4
Pandemonium: Depths:2 Depths:4
Ziggurat: Depths:2

Annotations:
D:2 Natasha
Vaults:2 exclusion: 2 doors

####### #.....# #.....#
##.....# #......# ######
#......#######....#
#..............##.# ########
#......##.###########.......
#......##.#8.P~≈≈≈≈#........
#......##.###..~≈≈≈#..###.#.
#.........##P.~~~≈P#........
#.###...####.~≈≈≈≈≈#.##.####
#.# ###.# #~.§≈≈≈≈#.##.# #.#
#.# ##.≈≈≈~~#.##.# #.# #.#
##.~≈≈≈PP#.##.#### #.#
##.###.≈~≈≈~P~#........ #.#
#....#~.~~~≈≈≈#.##.####


There were no monsters in sight!


Message History

The angel hits you but does no damage.
Lici hits the angel with a +0 lajatang of freezing!!
Lici freezes the angel.
You block the angel's attack. x2
Lici barely misses the angel. 😕 HP[+1]
You hit the angel but do no damage. Your kick misses the angel.
Your headbutt misses the angel. You block the angel's attack. x2
Lici closely misses the angel.
You block the angel's attack. x2
Lici hits the angel with a +0 lajatang of freezing!!
Lici freezes the angel!
You barely miss the angel. You claw the angel!
You headbutt the angel, but do no damage.
The angel gestures.
The angel is healed somewhat.
Lici hits the angel with a +0 lajatang of freezing!!
Lici freezes the angel.
The angel dies! 😕 HP[+1]
Things that are here:
a +1 whip of holy wrath {mace}; a +0 robe 😕 HP[+2]
You regained 2 hp, and now have 334/366 hp.
What level of the Dungeon? (default 1, ? - help)
You swap places.
There is a stone staircase leading up here.
You climb upwards.
There is a stone staircase leading down here. 😕 HP[+11]
You regained 11 hp, and now have 345/366 hp.
Lici is no longer moving quickly.
A shadow demon comes into view. 😕 HP[+4]
You regained 4 hp, and now have 349/366 hp.
Lici points at the shadow demon and mumbles some strange words.
The bolt of magma hits the shadow demon!!
Lici casts a spell at the shadow demon.
The bolt of magma hits the shadow demon! 😕 HP[+1]
You slash the shadow demon! You claw the shadow demon.
You kill the shadow demon! 😕 HP[+1] No target in view!
No target in view! 6 golden eyes come into view. 😕 HP[+10]
You regained 10 hp, and now have 361/366 hp.
The golden eye moves out of view. x5 😕 HP[+1] 😕 HP[+1]
The golden eye turns its gaze towards you. x2
The golden eye blinks at you. You resist with almost no effort.
The golden eye blinks at you. You resist with almost no effort.
Lici mumbles some strange words.
Lici seems to speed up.
The golden eye blinks at you. You resist with almost no effort.
There is a large open door here. 😕 HP[+1]
The golden eye blinks at you. You resist with almost no effort.
The golden eye blinks!
The golden eye blinks at you. You resist with almost no effort.
The golden eye blinks at you. You resist with almost no effort.
Lici resists with almost no effort. 😎 HP[+2]
Your hp is fully restored (366).
The golden eye blinks at you. You resist with almost no effort.
Lici points at the golden eye and mumbles some strange words.
The bolt of magma hits the golden eye!!!
The golden eye dies!
The golden eye blinks! x2
Lici casts a spell at the golden eye.
The bolt of magma hits the golden eye!!
The golden eye dies!
Lici points at the golden eye and mumbles some strange words.
The crystal spear hits the golden eye!!!
The golden eye dies!
Lici misses the golden eye.
The golden eye blinks at you. You resist with almost no effort.
Lici casts a spell at the golden eye.
The crystal spear hits the golden eye!!!
The golden eye dies!
Blink to where?
Press: ? - help, Dir - move target Splash!
You fall into the shallow water.
As you read the scroll of blinking {!r}, it crumbles to dust.
Blink to where?
Press: ? - help, Dir - move target Splash!
As you read the scroll of blinking {!r}, it crumbles to dust.
Blink to where?
Press: ? - help, Dir - move target
As you read the scroll of blinking {!r}, it crumbles to dust.
There is a staircase leading out of the dungeon here.
You have escaped!

Skill      XL: |  1  2  3  4  5  6  7  8  9 10 11 12 13 14 15 16 17 18 19 20 21 22 23 24 25 26 |
---------------+-------------------------------------------------------------------------------+-----
Fire Magic     | 3 5 7 8 |  8.0
Spellcasting   | 3 4 7 8 10 11 | 11.1
Fighting       | 1 3 5 7 10 13 15 16 17 19 20 21 24 26 27 | 27.0
Conjurations   | 4 5 8 |  8.0
Air Magic      | 4 |  4.0
Alchemy        | 4 |  4.0
Invocations    | 4 10 | 10.0
Evocations     | 4 |  4.0
Necromancy     | 7 8 |  8.0
Earth Magic    | 2 7 8 |  8.0
Shields        | 5 11 12 15 16 17 20 | 20.0
Axes           | 1 11 15 16 17 18 | 18.0
Dodging        | 2 6 10 12 14 | 14.0
Shapeshifting  | 10 14 16 17 | 17.8
Stealth        | |  1.4

Action                     |  1- 3 |  4- 6 |  7- 9 | 10-12 | 13-15 | 16-18 | 19-21 | 22-24 | 25-27 || total
---------------------------+-------+-------+-------+-------+-------+-------+-------+-------+-------++-------
  Melee: Unarmed           |     3 |       |       |       |       |       |       |       |       ||     3
         Headbutt          |     4 |    10 |    38 |    29 |   117 |   135 |   217 |   222 |    75 ||   847
         Trident           |    55 |    84 |   101 |       |       |       |       |       |       ||   240
         Punch             |       |     1 |     1 |     4 |     5 |       |       |       |       ||    11
         Whip              |       |       |    51 |    87 |       |       |       |       |       ||   138
         Dire flail        |       |       |       |    14 |    62 |       |       |       |       ||    76
         Morningstar       |       |       |       |       |   304 |   136 |       |       |       ||   440
         Kick              |       |       |       |       |    93 |   228 |   322 |   312 |   111 ||  1066
         War axe           |       |       |       |       |       |   329 |   596 |       |       ||   925
         Broad axe         |       |       |       |       |       |    22 |   168 |   682 |   220 ||  1092
  Throw: Dart              |       |       |     1 |     8 |       |     4 |       |       |       ||    13
   Cast: Foxfire           |    53 |   127 |   151 |       |       |       |       |       |       ||   331
         Scorch            |       |    21 |    39 |   191 |     2 |       |       |       |       ||   253
         Mephitic Cloud    |       |       |       |    32 |     1 |       |       |       |       ||    33
         Animate Dead      |       |       |       |     1 |    17 |    12 |    14 |     8 |     7 ||    59
         Borgnjor's Vile C |       |       |       |       |   110 |   120 |    19 |     9 |     1 ||   259
         Fireball          |       |       |       |       |    41 |    33 |     4 |       |       ||    78
         Fugue of the Fall |       |       |       |       |       |       |       |     5 |       ||     5
 Invoke: Recall Ancestor   |       |       |     5 |     2 |    12 |     4 |     7 |     2 |     5 ||    37
         Ancestor Identity |       |       |     1 |       |       |       |       |       |       ||     1
         Ancestor Life: Ba |       |       |     1 |       |       |       |       |       |       ||     1
         Idealise          |       |       |       |     2 |     9 |    14 |    12 |     4 |     3 ||    44
  Evoke: Wand              |       |       |       |    17 |     8 |    27 |     6 |     2 |     2 ||    62
         Phantom mirror    |       |       |       |       |       |       |     2 |       |       ||     2
         Condenser vane    |       |       |       |       |       |       |     1 |     1 |       ||     2
    Use: Scroll            |       |     2 |     8 |    10 |    13 |    16 |    19 |    11 |    14 ||    93
         Potion            |       |       |       |     6 |     2 |     8 |    23 |       |     6 ||    45
   Stab: Sleeping          |     1 |       |     2 |     1 |     2 |     1 |       |       |       ||     7
         Distracted        |       |       |     3 |     3 |     9 |    17 |    24 |    32 |     7 ||    95
         Confused          |       |       |       |     4 |     2 |       |       |       |       ||     6
         Invisible         |       |       |       |     2 |       |       |       |       |     3 ||     5
 Armour: Robe              |    32 |    92 |    96 |       |    28 |       |       |       |       ||   248
         Steam dragon scal |       |       |    25 |   250 |   553 |   170 |       |       |       ||   998
         Swamp dragon scal |       |       |       |       |       |   215 |   414 |       |       ||   629
         Skin              |       |       |       |       |       |       |   179 |   685 |   169 ||  1033
  Dodge: Dodged            |    23 |    46 |    86 |   125 |   454 |   300 |   201 |   242 |    92 ||  1569
  Block: Other             |       |       |       |       |    56 |       |       |       |       ||    56
         Kite shield       |       |       |       |       |    62 |   582 |   696 |       |       ||  1340
         Reflection        |       |       |       |       |     9 |    22 |    64 |    66 |    13 ||   174
         Tower shield      |       |       |       |       |       |       |    43 |  1371 |   423 ||  1837
   Form: Statue            |       |       |       |       |       |       |     1 |       |       ||     1

Levels and vault maps discovered:
D:1:      lightli_arrival_windingriver, layout_rooms, basic_ecumenical_altar,
          minmay_distorted
D:2:      layout_rooms, uniq_robin, uniq_natasha
D:3:      layout_basic, minmay_surrounded, uniq_ijyb
D:4:      layout_loops_ring, riverfiend_overflow_shadow_ancestor,
          minmay_temple_entry_junction_2
D:5:      nicolae_BIG_FREAKIN_CUBE, layout_basic,
          nicolae_overflow_hallway_of_the_gods, gup_ossuary_entry_pyramid
D:6:      layout_loops_ring, grunt_gozag_statues, bh_walls_and_bars,
          uniq_menkaure, uniq_pikel
D:7:      layout_basic, serial_shops, nicolae_shop_back_alley_shop
D:8:      layout_loops_cross, grunt_lair_entry_orc_guard_hut, serial_shops, shop
D:9:      layout_irregular_city, mainiacjoe_overflow_two_lobes, orc_0_dummy
D:10:     layout_roguey
D:11:     layout_cave_pods
D:12:     layout_roguey, uniq_jorgrun
D:13:     layout_roguey
D:14:     layout_long_grid, hellmonk_vaults_keyhole,
          chequers_serial_rivers_micro_e
D:15:     hangedman_crystal_crosses_colossus [crystal_crosses_arms_four,
          crystal_crosses_arms_two, crystal_crosses_arms_one]
Lair:1:   dreamdust_labyrinth, layout_layer_cave, pdpol_lair_cavern_descent
Lair:2:   layout_roguey, skrybe_swamp_entry_bodies, cheibrodos_lair_reptile_den,
          grunt_megastairs_5
Lair:3:   layout_small_grid, hellmonk_spider_entry_life_and_decay,
          serial_bayou_lagoon_a, infiniplex_staircase_pool,
          serial_bayou_shore_b, lemuel_fruit_fields, uniq_rupert
Lair:4:   minmay_lair_oklob_tunnel, layout_small_grid,
          portal_ice_cave_entry_pillars_1
Lair:5:   hangedman_lair_caniforms_friends, layout_loops_ring,
          guppyfry_lair_end_dragon, nicolae_slime_entry_slimehenge,
          small_statue_intersection
Swamp:1:  layout_basic_swamp, nicolae_swamp_some_circles
Swamp:2:  layout_basic_swamp, nicolae_swamp_reclaimed_castle,
          infiniplex_staircase_pool_2, uniq_roxanne, uniq_louise
Swamp:3:  layout_basic_swamp, nicolae_swamp_godswood, swamp_pool_1_2,
          kb_tengu_band
Swamp:4:  swamp_old_school, layout_basic_swamp
Spider:1: layout_cave_pods, nicolae_spider_undead_wolf_pack
Spider:2: layout_spider_delve, hangedman_spider_tarantella_strand, uniq_azrael
Spider:3: layout_cave_pods, spiders_nest_hornet_nest
Spider:4: johnstein_spider_rune_arachne_lair, drop_trap
Orc:1:    layout_caves, uniq_erolcha, uniq_urug
Orc:2:    st_orc_rangers, layout_diamond_mine, basic_altar, nicolae_orc_seminary
Elf:1:    minmay_elf_arrival_circle, layout_loops_cross,
          kennysheep_underground_church, minivault_24, st_stairs_10,
          minivault_26
Elf:2:    nicolae_elf_blades_splatter_lattice
          [nicolae_blade_entry_sentries_behind_glass], layout_geoelf_diagonals,
          serial_shops, shop, uniq_saint_roka
Elf:3:    grunt_elf_hall_asides, layout_gridlike, uniq_donald, uniq_aizul,
          uniq_zenata
Vaults:1: portal_desolation_entry_salt, nicolae_vaults_windows_and_doors_thing,
          nicolae_vaults_apartment_2, ontoclasm_vaults_spin,
          vaults_dpeg_diagonal, nicolae_vaults_trapezoid_lopsided_2,
          vaults_room_fours, nicolae_vaults_six-pack, layout_vaults_quadrants,
          serial_shops, nicolae_diamond_shop
Vaults:2: nicolae_vaults_security_offices_2, nicolae_vaults_cochlea,
          vaults_mumra_minichess_inversion, minmay_crypt_entry_simple_sparse,
          nicolae_vaults_trapezoid_layered, hangedman_vaults_corner_blocks,
          ontoclasm_vaults_misaligned, layout_vaults_chaotic_city, serial_shops,
          nicolae_shop_tiny_glass, nicolae_shop_waterfront,
          serial_magic_research, hangedman_research_toxicology,
          hangedman_research_geology, hangedman_research_pyrotechnics,
          uniq_mennas
Vaults:3: nicolae_vaults_twisting_passages, nicolae_vaults_heist,
          nicolae_vaults_ninety_degrees, ontoclasm_vaults_gallery,
          grunt_vaults_trifunnel, v_misc_29, ontoclasm_vaults_pinch,
          nicolae_vaults_trapezoid_3, v_misc_25, ontoclasm_vaults_idyll,
          nicolae_vaults_little_squares_6, dpeg_vaults_monster_box,
          layout_vaults_omnibox
Vaults:4: nicolae_vaults_minivaults, nicolae_vaults_taking_the_gang_shopping,
          nicolae_vaults_trapezoid_lopsided_1, hangedman_vaults_snaps,
          ontoclasm_vaults_gateway, nicolae_vaults_frosty_reception, v_rooms_1,
          nicolae_vaults_apartment_2, v_alt_pattern_1,
          vaults_standard_mumra_lines, v_misc_17,
          nicolae_vaults_closet_pinwheel_1, layout_vaults_ring
Vaults:5
Depths:1: layout_gridlike, minmay_room_of_horrors, grunt_hell_entry_dis_mu,
          okawaru_trees_2, hangedman_decor_opposing,
          nicolae_kite_square_tiling_tiny, minmay_door_square,
          kennysheep_path_1, roderic_lattice_a, nrook_campfire,
          nicolae_elyvilon_peaceful_grove, uniq_norris
Depths:2: dreamdust_merry_men, layout_basic, enter_ziggurat_f,
          grunt_decor_mini_mirrors, hell_entry, rand_demon_pan_entry_4,
          uniq_mara, uniq_josephina
Depths:3: regret_index_makhleb_lecture_halls, layout_cave_pools,
          nicolae_abyss_entry_one_way_or_another, serial_rivers,
          chequers_serial_rivers_large_a, chequers_serial_rivers_room_a,
          chequers_serial_rivers_micro_b, chequers_serial_rivers_small_a,
          chequers_serial_rivers_room_a, chequers_serial_rivers_micro_c,
          lightli_too_deep
Depths:4: evilmike_zot_entry_argh, layout_cave_pools, rand_demon_pan_entry_9,
          hangedman_decor_peaks_small, hangedman_abyss_entry_splay,
          hangedman_tar_grid_catacomb, minmay_misc_feat_ornament,
          nrook_kobold_shadow_demons, uniq_sojobo
Zot:1:    layout_twisted_circle, regret_index_zotdec_magical_s,
          nicolae_lava_and_water, amethyst_zot_foddershock
Zot:2:    layout_gridlike, grunt_megastairs_3, regret_index_zotdec_banners
Zot:3:    layout_basic, regret_index_zotdec_abyssal_star_handed,
          amcnicky_altar_lugonu_corruption
Zot:4:    layout_misc_corridors, regret_index_zotdec_twisting_globes
Zot:5:    layout_basic, lemuel_baited_zot_trap, st_stairs_14,
          regret_index_zotdec_zees

Notes
Turn   | Place    | Note
-------+----------+-------------------------------------------
     0 | D:1      | MackTheKnife the Oni Fire Elementalist began the quest for
                  | the Orb.
     0 | D:1      | Reached XP level 1. HP: 16/16 MP: 3/3
     0 | D:1      | magus.rc [v1.9.6]
   185 | D:1      | Reached XP level 2. HP: 24/24 MP: 2/5
   187 | D:1      | Reached skill level 3 in Fire Magic
   190 | D:1      | Learned a level 2 spell: Scorch
   278 | D:1      | Reached skill level 3 in Spellcasting
   441 | D:1      | Found a faded altar of an unknown god.
   459 | D:1      | Reached XP level 3. HP: 31/31 MP: 5/7
  1115 | D:2      | Reached skill level 1 in Fighting
  1115 | D:2      | Reached XP level 4. HP: 26/41 MP: 4/9
  1122 | D:2      | Reached skill level 2 in Fighting
  1122 | D:2      | Reached skill level 4 in Spellcasting
  1339 | D:2      | Noticed Natasha
  1343 | D:2      | Killed Natasha
  1344 | D:2      | Reached skill level 3 in Fighting
  1344 | D:2      | Reached XP level 5. HP: 53/53 MP: 6/11
  1508 | D:2      | Identified the +2 helmet "Cun Wia" {^Drain rC+ rN+ Stlth+}
  1508 | D:2      | Noticed Robin
  1517 | D:2      | Killed Robin
  1712 | D:2      | Reached skill level 4 in Fighting
  1767 | D:2      | You pick up a book of Unlife and begin reading...
  1767 | D:2      | You add the spells Animate Dead, Borgnjor's Vile Clutch and
                  | Death Channel to your library.
  1920 | D:2      | Noticed Natasha
  2346 | D:3      | Reached skill level 5 in Fighting
  2352 | D:3      | Noticed Ijyb
  2365 | D:3      | Killed Ijyb
  2366 | D:3      | Reached XP level 6. HP: 62/66 MP: 0/12
  3017 | D:4      | Found a hazy altar of Hepliaklqana.
  3018 | D:4      | Found a shadowy altar of Dithmenos.
  3021 | D:4      | Noticed a shadow
  3025 | D:4      | Became a worshipper of Hepliaklqana the Forgotten
  3050 | D:4      | Reached skill level 6 in Fighting
  3452 | D:4      | HP: 14/68 [something/puff of flame (5)]
  3700 | D:4      | Reached skill level 7 in Fighting
  3961 | D:4      | Reached XP level 7. HP: 78/78 MP: 9/13
  4124 | D:4      | Reached * piety under Hepliaklqana
  4138 | D:4      | Reached skill level 8 in Fighting
  4198 | D:4      | Found a staircase to the Ecumenical Temple.
  4388 | D:5      | Entered Level 5 of the Dungeon
  4500 | D:5      | Reached skill level 9 in Fighting
  4737 | D:5      | You pick up a book of the Senses and begin reading...
  4737 | D:5      | You add the spells Dazzling Flash, Mephitic Cloud, Curse of
                  | Agony and Silence to your library.
  4771 | D:5      | Found a sand-covered staircase.
  4777 | Ossuary  | Entered an ossuary
  5000 | Ossuary  | Reached skill level 10 in Fighting
  5091 | Ossuary  | Reached XP level 8. HP: 83/83 MP: 10/14
  5397 | Ossuary  | Reached skill level 11 in Fighting
  6048 | D:5      | Found a bloodstained altar of Trog.
  6048 | D:5      | Found a shimmering altar of Xom.
  6057 | D:5      | Found a radiant altar of Vehumet.
  6063 | D:5      | Reached skill level 12 in Fighting
  6109 | D:5      | Found a blossoming altar of Fedhas.
  6111 | D:5      | Found a white marble altar of Elyvilon.
  6161 | D:5      | Found an ornate altar of the Wu Jian Council.
  6162 | D:5      | Found a glowing golden altar of the Shining One.
  6190 | D:5      | You fall into a shaft and drop 2 floors!
  6190 | D:7      | Reached ** piety under Hepliaklqana
  6213 | D:7      | Remembered your ancestor Lici as a battlemage
  6337 | D:6      | Noticed Menkaure
  6342 | D:6      | Killed Menkaure
  6374 | D:6      | Reached skill level 13 in Fighting
  6389 | D:5      | Reached XP level 9. HP: 82/99 MP: 12/15
  7016 | D:6      | Noticed Pikel
  7027 | D:6      | Killed Pikel
  7028 | D:6      | Reached skill level 14 in Fighting
  7286 | D:6      | Reached skill level 15 in Fighting
  7304 | D:6      | Found an opulent altar of Gozag.
  7312 | D:6      | You pick up a book of Dreams and begin reading...
  7312 | D:6      | You add the spells Ensorcelled Hibernation, Fugue of the
                  | Fallen and Anguish to your library.
  8089 | D:7      | Found Cubleam's Assorted Antiques.
  8093 | D:7      | Bought a scroll labelled WODOIRAUXE for 36 gold pieces
  8093 | D:7      | Bought a twisted brass ring for 180 gold pieces
  8136 | D:7      | Reached skill level 5 in Spellcasting
  8666 | D:8      | Noticed an elephant
  8685 | D:8      | Killed an elephant
  8686 | D:8      | Reached skill level 7 in Spellcasting
  8686 | D:8      | Reached XP level 10. HP: 78/111 MP: 4/20
  8710 | D:8      | Reached skill level 8 in Spellcasting
  8713 | D:8      | Reached skill level 1 in Conjurations
  8898 | D:8      | Reached skill level 2 in Conjurations
  9075 | D:8      | Found a staircase to the Lair.
  9208 | D:8      | Reached skill level 3 in Conjurations
  9218 | D:8      | Reached skill level 4 in Conjurations
  9231 | D:8      | Reached skill level 1 in Air Magic
  9231 | D:8      | Reached skill level 1 in Alchemy
  9734 | D:8      | Reached *** piety under Hepliaklqana
  9737 | D:8      | Found Josenk's Distillery.
  9746 | D:8      | Bought a potion of curing for 39 gold pieces
  9746 | D:8      | Bought 2 potions of heal wounds for 130 gold pieces
  9785 | D:8      | Reached skill level 2 in Air Magic
  9785 | D:8      | Reached skill level 2 in Alchemy
 10286 | D:8      | Reached skill level 3 in Air Magic
 10286 | D:8      | Reached skill level 3 in Alchemy
 10525 | D:8      | Learned a level 3 spell: Mephitic Cloud
 10704 | D:9      | Reached skill level 4 in Air Magic
 10704 | D:9      | Reached skill level 4 in Alchemy
 10758 | D:9      | Found an ancient bone altar of Kikubaaqudgha.
 10791 | D:9      | Found a stormy altar of Qazlal.
 10816 | D:9      | Reached skill level 1 in Invocations
 10824 | D:9      | Noticed a two-headed ogre
 10830 | D:9      | Killed a two-headed ogre
 10831 | D:9      | Reached skill level 4 in Invocations
 10831 | D:9      | Reached XP level 11. HP: 118/118 MP: 13/23
 10908 | D:9      | Found a staircase to the Orcish Mines.
 10918 | D:9      | Reached skill level 5 in Invocations
 11757 | D:10     | Entered Level 10 of the Dungeon
 11992 | D:10     | Reached skill level 6 in Invocations
 12284 | D:10     | Reached skill level 7 in Invocations
 12375 | D:10     | Noticed a two-headed ogre
 12389 | D:10     | Killed a two-headed ogre
 12390 | D:10     | Reached skill level 8 in Invocations
 12987 | Lair:1   | Entered Level 1 of the Lair of Beasts
 12987 | Lair:1   | Reached **** piety under Hepliaklqana
 13311 | Lair:1   | Reached skill level 9 in Invocations
 13365 | Lair:1   | Reached skill level 10 in Invocations
 13610 | Lair:1   | Reached skill level 1 in Evocations
 13782 | Lair:1   | Reached skill level 2 in Evocations
 13931 | Lair:1   | Found a runed translucent door.
 13973 | Lair:1   | Reached skill level 3 in Evocations
 14090 | Lair:1   | Noticed a boulder beetle
 14108 | Lair:1   | Paralysed by a hornet for 2 turns
 14115 | Lair:1   | Paralysed by a hornet for 2 turns
 14115 | Lair:1   | HP: 20/118 [hornet (10)]
 14117 | Lair:1   | Reached skill level 4 in Evocations
 14349 | Lair:1   | HP: 18/118 [polar bear (24)]
 14349 | Lair:1   | HP: 3/118 [polar bear (6)]
 14351 | Lair:1   | Reached XP level 12. HP: 61/128 MP: 7/24
 14358 | D:8      | HP: 23/128 [polar bear (11)]
 14704 | Lair:1   | Learned a level 4 spell: Animate Dead
 14807 | Lair:1   | Reached skill level 1 in Necromancy
 14812 | Lair:1   | Reached skill level 16 in Fighting
 14814 | Lair:1   | Killed a boulder beetle
 14815 | Lair:1   | Reached skill level 2 in Necromancy
 14821 | Lair:1   | Reached skill level 3 in Necromancy
 15175 | Lair:1   | Noticed a minotaur
 15184 | Lair:1   | HP: 32/129 [minotaur (19)]
 15188 | Lair:1   | Killed a minotaur
 15189 | Lair:1   | Reached skill level 4 in Necromancy
 15550 | D:7      | Bought a brightly glowing dire flail for 324 gold pieces
 15550 | D:7      | Identified the +3 dire flail of the Lumpy Knives {flame,
                  | rF++} (You bought it in a shop on level 7 of the Dungeon)
 15776 | Lair:2   | Noticed a six-headed hydra
 16077 | Lair:2   | Reached skill level 5 in Necromancy
 16090 | Lair:2   | HP: 28/129 [wolf (5)]
 16347 | Lair:2   | Noticed a five-headed hydra
 16357 | Lair:2   | Killed a five-headed hydra
 16503 | Lair:2   | Noticed a boulder beetle
 16516 | Lair:2   | Killed a boulder beetle
 16517 | Lair:2   | Reached skill level 6 in Necromancy
 16714 | Lair:2   | Noticed a catoblepas
 16727 | Lair:2   | Killed a catoblepas
 16728 | Lair:2   | Reached skill level 7 in Necromancy
 16732 | Lair:2   | Killed a six-headed hydra
 16733 | Lair:2   | Reached skill level 9 in Spellcasting
 16925 | Lair:2   | Found a staircase to the Swamp.
 16961 | Lair:2   | Learned a level 5 spell: Borgnjor's Vile Clutch
 17104 | Lair:2   | Reached skill level 10 in Spellcasting
 17104 | Lair:2   | Reached skill level 1 in Earth Magic
 17111 | Lair:2   | Reached skill level 2 in Earth Magic
 17111 | Lair:2   | Reached XP level 13. HP: 42/136 MP: 7/27
 17115 | Lair:2   | HP: 34/136 [poisoned by a black mamba]
 17120 | Lair:2   | HP: 31/136 [poisoned by a black mamba]
 17405 | Lair:2   | Reached skill level 3 in Earth Magic
 17584 | Lair:2   | You pick up a book of the Dragon and begin reading...
 17584 | Lair:2   | You add the spells Cause Fear, Fireball and Dragon's Call
                  | to your library.
 17866 | Lair:2   | Reached skill level 4 in Earth Magic
 18175 | Lair:2   | Upgraded the game from 0.31-a0-1570-g93c622d222 to
                  | 0.31-a0-1576-ga3383bade6
 18175 | Lair:2   | magus.rc [v1.9.6]
 18193 | Lair:3   | Noticed Rupert
 18261 | Lair:3   | Reached skill level 5 in Earth Magic
 18509 | Lair:3   | HP: 33/136 [yak (12)]
 18514 | Lair:3   | HP: 29/136 [poisoned by a water moccasin]
 18834 | Lair:3   | Reached skill level 6 in Earth Magic
 19068 | Lair:3   | Found a hole to the Spider Nest.
 19636 | Lair:3   | HP: 26/136 [Rupert/+4 great sword of protection (36)]
 20013 | Lair:3   | Killed Rupert
 20014 | Lair:3   | Reached skill level 7 in Earth Magic
 20654 | Lair:4   | Found a frozen archway.
 20677 | Lair:4   | HP: 34/138 [poisoned by a black mamba]
 20874 | IceCv    | Entered an ice cave
 20966 | IceCv    | Learned a level 5 spell: Fireball
 21142 | IceCv    | Identified the +2 morningstar "Elulemu" {holy, rN+ Str+2
                  | Dex+3}
 21528 | IceCv    | Reached skill level 17 in Fighting
 21797 | IceCv    | Noticed an ice dragon
 21803 | IceCv    | Killed an ice dragon
 21804 | IceCv    | Reached skill level 4 in Fire Magic
 22319 | Lair:4   | Reached skill level 5 in Conjurations
 22597 | Lair:4   | Reached skill level 5 in Fire Magic
 22597 | Lair:4   | Reached XP level 14. HP: 105/149 MP: 10/28
 23921 | Lair:4   | Reached skill level 6 in Conjurations
 24099 | Lair:5   | Entered Level 5 of the Lair of Beasts
 24134 | Lair:5   | Reached skill level 18 in Fighting
 24151 | Lair:5   | Reached skill level 6 in Fire Magic
 24338 | Lair:5   | Found a viscous altar of Jiyva.
 24343 | Lair:5   | Found a staircase to the Slime Pits.
 24354 | Lair:5   | Identified the +1 arbalest "Givvum" {drain, Dex+4}
 24552 | Lair:5   | Reached skill level 7 in Conjurations
 24970 | Lair:5   | Reached skill level 7 in Fire Magic
 25203 | Lair:5   | Gained mutation: You have sharp toenails. [potion of
                  | mutation]
 25203 | Lair:5   | Gained mutation: You are partially covered in large bone
                  | plates. (SH +4) [potion of mutation]
 25203 | Lair:5   | Gained mutation: You have razor-sharp toenails. [potion of
                  | mutation]
 25203 | Lair:5   | Gained mutation: You are covered in fur. (AC +1) [potion of
                  | mutation]
 25362 | Lair:5   | Reached skill level 19 in Fighting
 25642 | Lair:5   | Reached skill level 8 in Conjurations
 25642 | Lair:5   | Reached XP level 15. HP: 99/162 MP: 2/29
 25885 | Lair:5   | Reached skill level 8 in Fire Magic
 25945 | Lair:5   | You pick up a book of Ice and begin reading...
 25945 | Lair:5   | You add the spells Sculpt Simulacrum, Ozocubu's
                  | Refrigeration and Polar Vortex to your library.
 26894 | Orc:1    | Entered Level 1 of the Orcish Mines
 26969 | Orc:1    | Reached skill level 20 in Fighting
 27051 | Orc:2    | Entered Level 2 of the Orcish Mines
 27071 | Orc:1    | Noticed Urug
 27072 | Orc:1    | Noticed Erolcha
 27200 | Orc:2    | HP: 36/164 [orc priest/divine providence (16)]
 27221 | Orc:2    | HP: 37/164 [orc priest/divine providence (10)]
 27980 | Orc:2    | Found a staircase to the Elven Halls.
 28764 | Orc:2    | magus.rc [v1.9.6]
 29272 | Orc:2    | Found Oshassau's Armour Boutique.
 29272 | Orc:2    | Found Ihellegu's Magic Scroll Emporium.
 29274 | Orc:2    | Found Ihonirog's Book Shoppe.
 29276 | Orc:2    | Found Pyterr Efula's Magic Scroll Shop.
 29288 | Orc:2    | Bought a scroll of enchant armour for 120 gold pieces
 29288 | Orc:2    | Bought a scroll of enchant weapon for 120 gold pieces
 29288 | Orc:2    | Bought a scroll of identify for 32 gold pieces
 29288 | Orc:2    | Bought a scroll of identify for 32 gold pieces
 29291 | Orc:2    | Bought a scroll of summoning for 142 gold pieces
 29291 | Orc:2    | Bought a scroll of summoning for 142 gold pieces
 29291 | Orc:2    | Bought a scroll of summoning for 142 gold pieces
 29291 | Orc:2    | Bought a scroll of enchant weapon for 112 gold pieces
 29291 | Orc:2    | Bought a scroll of identify for 30 gold pieces
 29291 | Orc:2    | Bought a scroll of identify for 30 gold pieces
 29291 | Orc:2    | Bought a scroll of teleportation for 45 gold pieces
 29291 | Orc:2    | Bought a scroll of teleportation for 45 gold pieces
 29291 | Orc:2    | Bought a scroll of teleportation for 45 gold pieces
 29579 | Orc:1    | Killed Erolcha
 29596 | Orc:1    | Killed Urug
 30204 | D:11     | Reached skill level 8 in Necromancy
 30204 | D:11     | Reached skill level 8 in Earth Magic
 30454 | D:11     | Reached skill level 11 in Spellcasting
 31015 | D:11     | magus.rc [v1.9.6]
 31182 | D:12     | Reached skill level 1 in Shields
 31397 | D:12     | Reached skill level 2 in Shields
 31448 | D:12     | Noticed Jorgrun
 31453 | D:12     | Killed Jorgrun
 31477 | D:12     | Reached ***** piety under Hepliaklqana
 31492 | D:12     | Reached skill level 3 in Shields
 32181 | D:13     | Reached skill level 4 in Shields
 32617 | D:13     | Reached skill level 5 in Shields
 32660 | D:13     | You add the spells Ignite Poison, Sticky Flame and Ignition
                  | to your library.
 33314 | D:14     | Reached XP level 16. HP: 172/172 MP: 25/31
 33317 | D:14     | Reached skill level 6 in Shields
 33329 | D:14     | Found a gate to the Vaults.
 33735 | D:14     | Reached skill level 7 in Shields
 34123 | D:14     | You add the spells Gell's Gravitas, Teleport Other and
                  | Dispersal to your library.
 34420 | D:15     | Entered Level 15 of the Dungeon
 34567 | D:15     | Found a staircase to the Depths.
 34579 | D:15     | Reached skill level 8 in Shields
 34884 | D:15     | HP: 31/172 [yaktaur/bolt (31)]
 34908 | D:15     | HP: 35/172 [cyan ugly thing (14)]
 34909 | D:15     | HP: 10/172 [cyan ugly thing (14)]
 35030 | D:15     | HP: 7/172 [crystal guardian/crystal bolt (52)]
 35072 | D:15     | Reached skill level 9 in Shields
 35487 | D:15     | Paralysed by an air elemental for 1 turns
 35526 | D:15     | Paralysed by an air elemental for 1 turns
 35796 | D:15     | Reached skill level 10 in Shields
 35959 | D:15     | You pick up a book of Cantrips and begin reading...
 35959 | D:15     | You add the spells Sting, Necrotise, Summon Small Mammal
                  | and Apportation to your library.
 36286 | D:15     | You pick up a book of the Spheres and begin reading...
 36286 | D:15     | You add the spells Brom's Barrelling Boulder, Iskenderun's
                  | Battlesphere, Conjure Ball Lightning and Orb of Destruction
                  | to your library.
 36301 | D:15     | Paralysed by an air elemental for 1 turns
 36303 | D:15     | Paralysed by an air elemental for 1 turns
 36865 | Lair:1   | magus.rc [v1.9.6]
 36922 | Swamp:1  | Entered Level 1 of the Swamp
 36962 | Swamp:1  | Reached skill level 1 in Axes
 37434 | Swamp:1  | Identified the +4 arbalest of Integrity {heavy, rPois}
 37518 | Swamp:1  | Reached skill level 11 in Shields
 37841 | Swamp:1  | magus.rc [v1.9.6]
 37865 | Swamp:2  | magus.rc [v1.9.6]
 38085 | Swamp:2  | Noticed Louise
 38094 | Swamp:2  | Killed Louise
 38610 | Swamp:2  | Reached XP level 17. HP: 134/180 MP: 22/32
 38661 | Swamp:2  | Reached skill level 12 in Shields
 38661 | Swamp:2  | Reached skill level 2 in Axes
 38954 | Swamp:2  | Noticed Roxanne
 38973 | Swamp:2  | Killed Roxanne
 38974 | Swamp:2  | Reached skill level 3 in Axes
 39219 | Swamp:3  | Reached skill level 4 in Axes
 39382 | Swamp:3  | Identified the staff "Cekugur" {rC+ Stlth+ Ice}
 39415 | Swamp:3  | Reached skill level 5 in Axes
 39452 | Swamp:3  | Reached skill level 6 in Axes
 40178 | Swamp:3  | Reached skill level 7 in Axes
 40306 | Swamp:3  | Found an ornate altar of the Wu Jian Council.
 40516 | Swamp:4  | Entered Level 4 of the Swamp
 40739 | Swamp:4  | Reached skill level 8 in Axes
 41062 | Swamp:4  | Paralysed by a hornet for 1 turns
 41310 | Swamp:4  | Reached skill level 9 in Axes
 41612 | Swamp:4  | Noticed the 27-headed Lernaean hydra
 41626 | Swamp:4  | Killed the 27-headed Lernaean hydra
 41626 | Swamp:4  | HP: 20/180 [spore (49)]
 41627 | Swamp:4  | Reached skill level 10 in Axes
 41677 | Swamp:4  | HP: 45/180 [poisoned by a swamp dragon (poison gas)]
 41682 | Swamp:4  | HP: 30/180 [swamp dragon] (9)]
 41688 | Swamp:4  | HP: 38/180 [swamp dragon/blast of poison (2)]
 42291 | Swamp:4  | Reached skill level 11 in Axes
 42435 | Swamp:4  | Got a decaying rune of Zot
 42717 | Lair:2   | Upgraded the game from 0.31-a0-1576-ga3383bade6 to
                  | 0.31-a0-1589-g8f5e8aebd6
 42717 | Lair:2   | magus.rc [v1.9.6]
 42757 | Spider:1 | Entered Level 1 of the Spider Nest
 42757 | Spider:1 | Identified a scroll of acquirement
 42763 | Spider:1 | Acquired the +7 war axe "Demonbane" {venom, Fly rCorr MP-9
                  | Int+5}
 42995 | Spider:1 | Reached skill level 2 in Dodging
 43262 | Spider:1 | Reached XP level 18. HP: 155/189 MP: 18/33
 43292 | Spider:1 | Reached skill level 3 in Dodging
 43538 | Spider:1 | You are sucked into a shaft and drop 1 floor!
 43570 | Spider:2 | Noticed Azrael
 43574 | Spider:2 | Reached skill level 12 in Axes
 43576 | Spider:2 | Killed Azrael
 43777 | Spider:1 | Reached skill level 4 in Dodging
 44427 | Spider:1 | Reached skill level 5 in Dodging
 45603 | Spider:2 | Reached skill level 13 in Axes
 45951 | Spider:3 | Reached skill level 6 in Dodging
 46182 | Spider:3 | You pick up a book of Transmutation and begin reading...
 46182 | Spider:3 | You add the spells Sublimation of Blood, Petrify and
                  | Irradiate to your library.
 47256 | Spider:3 | Reached skill level 14 in Axes
 47385 | Spider:4 | Entered Level 4 of the Spider Nest
 48171 | Spider:4 | Noticed Arachne
 48192 | Spider:4 | Killed Arachne
 48193 | Spider:4 | Reached skill level 15 in Axes
 48455 | Spider:4 | Reached XP level 19. HP: 188/197 MP: 22/34
 48800 | Spider:4 | Got a gossamer rune of Zot
 49165 | Spider:4 | Reached skill level 16 in Axes
 49167 | Spider:4 | Reached skill level 1 in Shapeshifting
 49358 | Spider:4 | HP: 49/197 [something (12)]
 49362 | Spider:4 | Reached skill level 2 in Shapeshifting
 49915 | Vaults:1 | Entered Level 1 of the Vaults
 49916 | Vaults:1 | magus.rc [v1.9.6]
 49918 | Vaults:1 | magus.rc [v1.9.6]
 49993 | Vaults:1 | Reached skill level 3 in Shapeshifting
 50169 | Vaults:1 | Reached skill level 4 in Shapeshifting
 50199 | Vaults:1 | Reached skill level 5 in Shapeshifting
 50275 | Vaults:1 | Found a crumbling gateway.
 50430 | Desolati | Entered the Desolation of Salt
 50455 | Desolati | Reached skill level 6 in Shapeshifting
 50516 | Desolati | Reached skill level 7 in Shapeshifting
 50732 | Desolati | HP: 37/182 [halazid warlock/bolt of negative energy (53)]
 50739 | Desolati | Reached skill level 8 in Shapeshifting
 51027 | Desolati | Identified the amulet of Ehuhur {Faith rN+}
 51036 | Desolati | Got Sif Muna's Papyrus of Esoterica and Shades
 51184 | Desolati | Reached skill level 9 in Shapeshifting
 51220 | Desolati | You add the spells Iskenderun's Mystic Blast and Monstrous
                  | Menagerie to your library.
 51220 | Desolati | Got the Vellum of Discontinuous Sidekicks
 51222 | Desolati | Identified the ring of Racloir {rElec rN+ rCorr Str+6
                  | Slay-3}
 51721 | Desolati | Identified the ring of Happiness {Ice Str+6 Dex+4 SInv
                  | Stlth-}
 51725 | Desolati | You add the spells Freeze and Sigil of Binding to your
                  | library.
 51725 | Desolati | Got the Cyclopedia of the Crevasse and Beguiling
 52137 | Vaults:1 | You pick up a book of the Moon and begin reading...
 52137 | Vaults:1 | You add the spells Passage of Golubria and Lehudib's
                  | Crystal Spear to your library.
 52269 | Vaults:1 | Reached skill level 10 in Shapeshifting
 52269 | Vaults:1 | Reached XP level 20. HP: 101/205 MP: 26/35
 52950 | Vaults:1 | Reached skill level 11 in Shapeshifting
 53423 | Vaults:1 | Found Kimuer's General Store.
 53431 | Vaults:1 | Bought a potion of curing for 48 gold pieces
 53577 | Vaults:1 | HP: 47/205 [dire elephant (30)]
 54216 | Vaults:2 | Reached skill level 12 in Shapeshifting
 54558 | Vaults:2 | Got the Compilation of the Torch
 54624 | Vaults:2 | Found a staircase to the Crypt.
 54625 | Vaults:2 | Noticed a curse skull
 54654 | Vaults:2 | Killed a curse skull
 54963 | Vaults:2 | Found Funo's Antique Armour Emporium.
 54981 | Vaults:2 | Noticed Mennas
 55635 | Vaults:2 | Found Bump's Book Shoppe.
 55735 | Vaults:2 | Reached skill level 13 in Shapeshifting
 56834 | Elf:1    | Entered Level 1 of the Elven Halls
 57711 | Elf:1    | Reached skill level 14 in Shapeshifting
 58190 | Elf:1    | You pick up a book of the Dragon and begin reading...
 58293 | Elf:2    | Noticed Saint Roka
 59199 | Elf:2    | Identified the +6 great sword "Dragonslayer" {protect,
                  | *Slow Will+++ rCorr Dex-2}
 59298 | Elf:2    | Reached XP level 21. HP: 181/213 MP: 27/36
 59302 | Elf:2    | Killed Saint Roka
 59518 | Elf:2    | Found a runed translucent gate.
 59518 | Elf:2    | Found a runed translucent gate.
 59518 | Elf:2    | Found a runed translucent gate.
 59589 | Elf:2    | Found Asmij's General Store.
 59597 | Elf:2    | Bought a scroll of teleportation for 51 gold pieces
 59606 | Elf:2    | Reached skill level 15 in Shapeshifting
 60329 | Elf:3    | Entered Level 3 of the Elven Halls
 60465 | Elf:3    | Noticed Donald
 60469 | Elf:3    | Killed Donald
 60474 | Elf:3    | You pick up a book of Fire and begin reading...
 60479 | Elf:3    | Noticed Zenata
 60487 | Elf:3    | Killed Zenata
 60877 | Elf:2    | Reached skill level 16 in Shapeshifting
 61132 | Elf:3    | Reached skill level 13 in Shields
 61412 | Elf:3    | Identified the +2 plate armour of Space {Slay+2}
 61455 | Elf:3    | Identified the +6 falchion "Ippu" {heavy, rN+ Int+2}
 61455 | Elf:3    | Identified the ring "Ydghaluch" {Wiz rElec Will- Str+4
                  | Int+3}
 61700 | Elf:3    | Reached skill level 21 in Fighting
 61796 | Elf:3    | Identified the serpent talisman "Ahopt" {rF+}
 61796 | Elf:3    | Noticed Aizul
 61802 | Elf:3    | Killed Aizul
 61847 | Elf:3    | Identified the +4 plate armour of Lesser Demons {rC+++
                  | Int+3 Dex-2 Slay+6}
 61860 | Elf:3    | Reached skill level 14 in Shields
 61863 | Elf:3    | You pick up a book of Necromancy and begin reading...
 61867 | Elf:3    | Identified the +10 spear of Kismet {venom, rF++ rC- Will+}
 61921 | Elf:3    | You pick up a book of Conjurations {@e2} and begin
                  | reading...
 61921 | Elf:3    | You add the spells Magic Dart, Searing Ray and Fulminant
                  | Prism to your library.
 61948 | Elf:3    | You pick up a book of Callings and begin reading...
 61948 | Elf:3    | You add the spells Call Canine Familiar and Summon
                  | Blazeheart Golem to your library.
 61949 | Elf:3    | Identified the +1 dagger of Awkwardness {flame, ^Drain
                  | Will+ Dex+3 Stlth+}
 61959 | Elf:3    | You add the spells Static Discharge and Airstrike to your
                  | library.
 61959 | Elf:3    | Got Sif Muna's Omnibus of the Displaced Tempest
 62365 | Vaults:2 | Noticed a caustic shrike
 62370 | Vaults:2 | Killed a caustic shrike
 62385 | Vaults:2 | You add the spells Stone Arrow, Passwall, Animate Armour
                  | and Bombard to your library.
 62385 | Vaults:2 | Got the Lessons on the Quarry
 62658 | Vaults:2 | Killed Mennas
 63030 | Vaults:3 | Reached skill level 15 in Shields
 63034 | Vaults:3 | Reached XP level 22. HP: 228/228 MP: 34/37
 63169 | Vaults:3 | Reached skill level 22 in Fighting
 63207 | Vaults:3 | Learned a level 3 spell: Fugue of the Fallen
 63614 | Vaults:3 | Reached skill level 16 in Shields
 63950 | Vaults:3 | Identified the ring of Cheibriados's Whim {rF+ rC+ Will+
                  | Str-3}
 64265 | Vaults:4 | Reached skill level 23 in Fighting
 64817 | Vaults:4 | Reached skill level 17 in Axes
 65397 | Vaults:4 | Found Jannagogh's Armour Boutique.
 65695 | Vaults:4 | magus.rc [v1.9.6]
 65905 | Depths:1 | Entered Level 1 of the Depths
 66123 | Depths:1 | Reached skill level 24 in Fighting
 66132 | Depths:1 | Found an iron altar of Okawaru.
 66395 | Depths:1 | Reached XP level 23. HP: 243/243 MP: 38/38
 66395 | Depths:1 | Found a one-way gate to the infinite horrors of the Abyss.
 66501 | Depths:1 | Found a white marble altar of Elyvilon.
 66683 | Depths:1 | Noticed Norris
 66696 | Depths:1 | Killed Norris
 67004 | Depths:1 | Found a gateway to Hell.
 67283 | Depths:2 | Reached skill level 7 in Dodging
 67319 | Depths:2 | Identified the ring "Viciywn" {Ice *Corrode Str+3 Int+2
                  | Dex+3}
 67319 | Depths:2 | Noticed Josephina
 67328 | Depths:2 | Killed Josephina
 67532 | Depths:2 | Noticed Mara
 67541 | Depths:2 | Noticed MackTheKnife's illusion
 67545 | Depths:2 | Killed Mara
 67549 | Depths:2 | Reached skill level 18 in Axes
 67676 | Depths:2 | Found a one-way gateway to a ziggurat.
 67799 | Depths:2 | Reached skill level 8 in Dodging
 67816 | Depths:2 | You pick up a book of Death and begin reading...
 67816 | Depths:2 | You add the spells Haunt and Infestation to your library.
 68096 | Depths:2 | Found a one-way gate leading to the halls of Pandemonium.
 68313 | Depths:3 | You pick up a book of Debilitation and begin reading...
 68313 | Depths:3 | You add the spells Slow and Confusing Touch to your
                  | library.
 68439 | Depths:3 | Reached skill level 25 in Fighting
 68729 | Depths:3 | Found the +3 pair of seven-league boots {Rampage+∞}
 68837 | Depths:3 | Found a burning altar of Makhleb.
 68858 | Depths:3 | Reached skill level 9 in Dodging
 68956 | Depths:3 | Identified the +10 demon trident of Melee {pain, *Rage
                  | Will+ rCorr}
 69198 | Depths:3 | Identified the +8 demon trident "Adduelor" {drain, Str+3}
 69420 | Depths:3 | Identified the +6 demon trident of Eloasi {flame, Dex+2}
 69420 | Depths:3 | Identified the +11 demon trident of the Evil Eye {freeze,
                  | ^Drain Fly rF+++ rCorr}
 69639 | Depths:3 | magus.rc [v1.9.6]
 69664 | Depths:4 | Entered Level 4 of the Depths
 69688 | Depths:4 | Reached skill level 10 in Dodging
 69698 | Depths:4 | Reached skill level 26 in Fighting
 69776 | Depths:4 | Reached XP level 24. HP: 260/260 MP: 38/38
 70177 | Depths:4 | Found a gate to the Realm of Zot.
 70188 | Depths:4 | Reached skill level 27 in Fighting
 70693 | Depths:4 | Noticed Sojobo
 70702 | Depths:4 | Killed Sojobo
 71210 | Vaults:5 | Entered Level 5 of the Vaults
 71531 | Vaults:4 | Identified +0 gold dragon scales
 71533 | Vaults:4 | Reached skill level 11 in Dodging
 71837 | Vaults:5 | Noticed a dread lich
 71847 | Vaults:5 | Killed a dread lich
 71908 | Vaults:5 | Identified the +1 leather armour of Cuppo {rC++ rN+ SInv
                  | Stlth+}
 71913 | Vaults:5 | Got a silver rune of Zot
 71925 | Vaults:5 | Reached skill level 17 in Shields
 71944 | Vaults:5 | You pick up a book of Transmutation and begin reading...
 72014 | Vaults:5 | Identified the +5 battleaxe of Hoiqon {flame, *Corrode
                  | rPois rF+}
 72130 | Vaults:5 | Reached skill level 12 in Dodging
 72177 | Vaults:5 | Identified the ring of Ycwossoi {+Blink rPois rCorr}
 72186 | Vaults:5 | Got the Reference Book on Puissant Dislocation
 72395 | Vaults:5 | Reached XP level 25. HP: 149/263 MP: 33/38
 72398 | Vaults:5 | Identified the +1 ring mail of the End {Regen+ rCorr}
 72663 | Vaults:5 | Reached skill level 13 in Dodging
 72805 | Vaults:5 | Reached skill level 18 in Shields
 73030 | Vaults:5 | You pick up a book of Ice and begin reading...
 73064 | Vaults:5 | You pick up a book of Decay and begin reading...
 73064 | Vaults:5 | You add the spells Cigotuvi's Dreadful Rot and Dispel
                  | Undead to your library.
 73066 | Vaults:5 | You pick up a book of Dangerous Friends and begin
                  | reading...
 73158 | Vaults:5 | You pick up a book of Blood and begin reading...
 73158 | Vaults:5 | You add the spells Call Imp and Summon Hydra to your
                  | library.
 73160 | Vaults:5 | You pick up a book of Touch and begin reading...
 73434 | Vaults:4 | +0 gold dragon scales {rare}; a +0 plate armour; a +0 long
                  | sword {long}
 73693 | Zot:1    | Entered Level 1 of the Realm of Zot
 73772 | Zot:2    | Noticed an electric golem
 73942 | Zot:2    | Killed an electric golem
 73948 | Zot:2    | Reached skill level 14 in Dodging
 74091 | Zot:5    | Entered Level 5 of the Realm of Zot
 74092 | Zot:5    | Noticed a curse toe
 74096 | Zot:5    | Killed a curse toe
 74113 | Zot:5    | Reached skill level 19 in Shields
 74139 | Zot:5    | Identified +0 gold dragon scales
 74150 | Zot:5    | quicksilver dragon scales {rare}; a quicksilver dragon
                  | corpse
 74631 | Zot:5    | Noticed an ancient lich
 74636 | Zot:5    | Killed an ancient lich
 74637 | Zot:5    | Reached skill level 20 in Shields
 74639 | Zot:5    | Noticed an orb of fire
 74640 | Zot:5    | Noticed an electric golem
 74640 | Zot:5    | Noticed a dread lich
 74640 | Zot:5    | Noticed a curse toe
 74640 | Zot:5    | Noticed a Killer Klown
 74642 | Zot:5    | Noticed an orb of fire
 74642 | Zot:5    | Noticed an orb of fire
 74643 | Zot:5    | Killed an electric golem
 74643 | Zot:5    | Noticed a dread lich
 74643 | Zot:5    | Noticed a dread lich
 74646 | Zot:5    | Killed a dread lich
 74647 | Zot:5    | Noticed a Killer Klown
 74650 | Zot:5    | Killed an orb of fire
 74653 | Zot:5    | Killed an orb of fire
 74654 | Zot:5    | Reached XP level 26. HP: 186/282 MP: 32/38
 74655 | Zot:5    | Killed an orb of fire
 74657 | Zot:5    | HP: 71/366 [Brimstone Fiend/damnation[a dread lich] (44)]
 74958 | Zot:5    | Killed a Killer Klown
 74963 | Zot:5    | Killed a Killer Klown
 75013 | Zot:5    | Reached skill level 17 in Shapeshifting
 75025 | Zot:5    | Killed a dread lich
 75033 | Zot:5    | Killed a curse toe
 75053 | Zot:5    | Noticed a dread lich
 75054 | Zot:5    | Got the Orb of Zot
 75474 | D:9      | Noticed Xaegaopp the pandemonium lord
 75620 | D:$      | Escaped with the Orb!

Vanquished Creatures
  2 dread liches
  2 orbs of fire (Zot:5)
  Mennas (Vaults:2)
  Josephina (Depths:2)
  the Lernaean hydra (Swamp:4)
  Saint Roka (Elf:2)
  A Killer Klown (Zot:5)
  A golden dragon (Zot:5)
  A Tzitzimitl (Zot:3)
  An electric golem (Zot:5)
  Jorgrun (D:12)
  Zenata (Elf:3)
  5 tentacled monstrosities
  A quicksilver dragon (Vaults:5)
  7 titans (Vaults:5)
  4 Orb Guardians
  4 deep elf master archers
  5 sphinxes
  2 deep elf blademasters
  Aizul (Elf:3)
  A storm dragon (Zot:5)
  A death cob (Zot:5)
  2 protean progenitors (Zot:5)
  7 tengu reavers
  Donald (Elf:3)
  A shadow dragon (Vaults:5)
  2 nagarajas (Depths:3)
  A draconian knight (Zot:2)
  2 draconian monks (Zot:1)
  An iron dragon (Depths:4)
  4 frost giants
  2 balrugs (Depths:3)
  6 emperor scorpions
  A draconian scorcher (Zot:1)
  8 deep elf sorcerers
  4 ghost moths
  A deep elf elementalist (Elf:2)
  9 vault wardens
  7 fire giants
  A curse skull (Vaults:2)
  3 draconian stormcallers (Depths:4)
  2 cacodemons
  A reaper (D:9)
  8 ironbound preservers
  17 very ugly things
  3 vampire knights
  2 formless jellyfish
  9 stone giants
  4 ironbound thunderhulks
  3 eleionomae
  5 deep elf death magi
  A green draconian (Depths:4)
  2 deep elf demonologists
  2 lorocyprocas (Depths:4)
  4 yellow draconians
  4 spark wasps
  A purple draconian (Zot:2)
  6 dire elephants
  2 black draconians
  A minotaur (Lair:1)
  Azrael (Spider:2)
  2 red draconians
  4 deep elf annihilators (Elf:3)
  3 white draconians
  2 halazid warlocks (Desolation)
  7 ettins
  2 crystal guardians
  2 jiangshi (Depths:2)
  2 green deaths
  5 fire dragons
  2 ragged hierophants (Desolation)
  2 servants of whispers (Desolation)
  3 entropy weavers
  Erolcha (Orc:1)
  9 yaktaur captains
  26 vault guards
  2 great orbs of eyes
  2 deep elf high priests
  12 hydras
  3 peacekeepers
  3 ice dragons
  2 spriggan air magi (Depths:3)
  2 hell beasts
  A rakshasa (Depths:1)
  2 alligators
  7 centaur warriors
  A jorogumo (Spider:4)
  2 salamander tyrants (Depths:3)
  6 boulder beetles
  2 radroaches
  7 ironbound frosthearts
  2 ogre magi
  2 anacondas (Zot:5)
  9 dancing weapons
  2 demonic crawlers
  3 death yaks (Lair:5)
  A tengu warrior (D:13)
  2 two-headed ogres
  2 deep troll earth magi
  2 orc high priests
  A sphinx skeleton (Vaults:3)
  2 occultists (Depths:3)
  3 hell hogs (Depths:3)
  6 hell knights (Depths:3)
  A spriggan berserker (Depths:4)
  A sun demon (Depths:4)
  A shock serpent (shapeshifter) (Vaults:5)
  5 iron trolls
  9 deep elf knights
  A skyshark (Depths:1)
  3 pharaoh ants
  A salamander mystic (D:15)
  3 sixfirhies
  A goliath frog (Swamp:2)
  5 swamp dragons (Swamp:4)
  A mana viper (shapeshifter) (Elf:2)
  16 deep trolls
  6 orb spiders
  2 flayed ghosts (Depths:2)
  7 arcanists
  A sea snake (Vaults:2)
  A glowing orange brain (Depths:1)
  11 deep elf archers
  3 spriggan druids
  A shadow demon (D:1)
  4 spectral wolf spiders (Spider:1)
  Pikel (D:6)
  3 bog bodies
  3 phantasmal warriors
  11 deep elf pyromancers
  2 orc knights
  A wolf spider zombie (Spider:1)
  3 harpies (Vaults:3)
  2 oklob plants (Lair:4)
  10 lindwurms
  12 wolf spiders
  13 ironbound convokers
  9 ugly things
  13 deep elf zephyrmancers
  A cyclops (D:13)
  A manticore (D:11)
  3 salamanders (D:15)
  2 elephants
  2 large abominations (Depths:1)
  A faun (shapeshifter) (Vaults:5)
  An orc sorcerer (Orc:2)
  7 moths of wrath
  4 kobold blastminers (Orc:2)
  4 meliai
  A water nymph (shapeshifter) (Vaults:5)
  2 guardian serpents (Desolation)
  2 smoke demons
  A molten gargoyle (Vaults:2)
  An ice statue (IceCv)
  10 vault sentinels
  3 gargoyles
  2 black mambas
  6 cane toads
  2 torpor snails
  A hellion (Depths:2)
  An efreet (D:14)
  19 yaktaurs
  3 unseen horrors (Depths:1)
  2 komodo dragons
  A spark wasp simulacrum (Depths:2)
  A tormentor (D:7)
  6 rime drakes
  3 tengu conjurers
  A battlemage (Vaults:3)
  6 polar bears
  A queen bee (shapeshifter) (Vaults:5)
  2 trolls (D:13)
  3 wolf spider simulacra (Spider:1)
  3 tyrant leeches
  18 tarantellas
  5 hornets
  A raiju (Lair:5)
  16 saltlings (Desolation)
  A hornet (shapeshifter) (Elf:3)
  7 dream sheep
  6 blink frogs
  An iron dragon simulacrum (Depths:2)
  16 culicivoras
  11 slime creatures
  10 jumping spiders
  3 small abominations (Depths:1)
  9 spriggans
  7 water elementals
  4 air elementals (D:15)
  2 wyverns
  A basilisk (Lair:3)
  2 humans (D:14)
  5 fire elementals
  28 yaks
  3 wargs
  A steam dragon (D:9)
  2 wraiths (D:12)
  5 vampire mosquitoes
  20 redbacks
  A human simulacrum (Vaults:3)
  4 chaos spawn (Depths:1)
  6 swamp worms
  9 hell hounds
  A water moccasin (Lair:4)
  3 meliai simulacra (D:15)
  3 ice beasts
  10 black bears
  A glowing shapeshifter skeleton (Vaults:3)
  13 orc warriors
  2 swamp drakes (Swamp:4)
  2 sky beasts (D:8)
  A laughing skull (D:14)
  4 ogres
  7 centaurs
  13 wolves
  A phantom (D:7)
  A lemure (D:6)
  4 earth elementals
  5 bullfrogs
  A scorpion (D:4)
  3 wights (D:8)
  3 killer bees
  2 lindwurm simulacra (IceCv)
  An electric eel (Lair:1)
  A howler monkey (D:5)
  2 jellies
  2 human zombies
  4 komodo dragon simulacra (IceCv)
  5 orc priests
  4 hounds
  Ijyb (D:3)
  4 sleepcaps
  2 iguanas
  14 orc wizards
  Natasha (D:2)
  A spectral hound (Ossuary)
  2 mummies (Ossuary)
  Robin (D:2)
  3 gnolls
  3 acid dragon simulacra (IceCv)
  8 adders
  4 hound simulacra (Ossuary)
  A white imp (D:7)
  5 steam dragon simulacra (IceCv)
  2 spectral gnolls (Ossuary)
  2 ribbon worms
  6 dart slugs
  44 orcs
  5 bats
  8 endoplasms
  9 giant cockroaches
  A gnoll zombie (Ossuary)
  16 goblins
  8 hobgoblins
  11 kobolds
  3 quokkas
  8 ball pythons
  3 frilled lizards
  A gnoll simulacrum (Ossuary)
  3 jackal simulacra (Ossuary)
  4 kobold zombies (Ossuary)
  8 orc zombies (Ossuary)
  9 rats
  3 spectral jackals (Ossuary)
1132 creatures vanquished.

Vanquished Creatures (collateral kills)
  A dread lich (Zot:5)
  An orb of fire (Zot:5)
  An ancient lich (Zot:5)
  Mara (Depths:2)
  Sojobo (Depths:4)
  A Killer Klown (Zot:5)
  2 curse toes (Zot:5)
  A caustic shrike (Vaults:2)
  2 golden dragons
  Arachne (Spider:4)
  Norris (Depths:1)
  An electric golem (Zot:2)
  4 tentacled monstrosities
  10 Orb Guardians
  A deep elf blademaster (Elf:3)
  Rupert (Lair:3)
  A quicksilver dragon (Zot:5)
  2 titans (Vaults:5)
  A lich (Vaults:5)
  5 sphinxes
  2 Executioners
  2 death cobs (Zot:5)
  3 tengu reavers (Vaults:5)
  6 storm dragons
  Roxanne (Swamp:2)
  2 shadow dragons
  A nagaraja (Depths:3)
  A draconian monk (Zot:4)
  4 fire giants
  2 iron dragons (Vaults:2)
  An emperor scorpion (Spider:4)
  6 vault wardens
  4 deep elf sorcerers
  4 ghost moths
  2 frost giants
  Louise (Swamp:2)
  A draconian shifter (Zot:5)
  A draconian scorcher (Zot:1)
  2 imperial myrmidons (Desolation)
  2 draconian stormcallers (Depths:4)
  3 draconian annihilators
  A broodmother (Spider:3)
  2 cacodemons (Depths:3)
  7 very ugly things
  9 ironbound preservers
  An angel (D:2)
  2 formless jellyfish
  3 stone giants
  A vampire knight (Depths:3)
  6 deep elf demonologists
  2 ironbound thunderhulks
  2 spark wasps
  5 eleionomae
  2 green draconians (Zot:5)
  3 purple draconians
  A deep elf death mage (Vaults:5)
  A bunyip (Swamp:1)
  5 deep elf annihilators
  6 dire elephants
  A lorocyproca (D:9)
  3 red draconians
  A war gargoyle (Vaults:4)
  4 ettins
  A merfolk javelineer (Depths:1)
  3 ragged hierophants (Desolation)
  2 deep elf high priests
  4 entropy weavers
  4 crystal guardians
  A jiangshi (Depths:2)
  3 yaktaur captains (Vaults:5)
  2 ice dragons
  5 fire dragons
  A shambling mangrove (Swamp:4)
  2 rakshasas (Depths:1)
  5 peacekeepers
  3 great orbs of eyes
  2 servants of whispers (Desolation)
  4 jorogumos
  A juggernaut simulacrum (Depths:2)
  10 hydras
  7 vault guards
  An ogre mage (Vaults:2)
  A catoblepas (Lair:2)
  6 boulder beetles
  5 alligators
  6 centaur warriors
  8 ironbound frosthearts
  3 two-headed ogres
  3 death yaks (Lair:5)
  2 deep troll shamans
  10 dancing weapons
  3 tengu warriors
  A vampire mage (Depths:2)
  2 occultists (D:15)
  A hell hog (Lair:5)
  3 deep troll earth magi
  Urug (Orc:1)
  3 demonic crawlers
  A spriggan berserker (Swamp:3)
  2 hell knights (Depths:3)
  2 sun demons
  A sea snake (Vaults:2)
  2 fire crabs (Vaults:2)
  A shadow wraith (Vaults:5)
  7 deep elf knights
  A skeletal warrior (Vaults:2)
  A skyshark (Depths:1)
  A pharaoh ant (Spider:4)
  11 swamp dragons
  6 goliath frogs
  2 large abominations (Depths:1)
  6 orb spiders
  A bog body (Lair:2)
  2 spriggan druids
  4 arcanists (Vaults:2)
  15 deep trolls
  3 sun moths
  An orb spider (shapeshifter) (Vaults:4)
  14 ironbound convokers
  A lindwurm (shapeshifter) (D:15)
  6 deep elf archers
  A phantasmal warrior (Vaults:5)
  2 spectral wolf spiders (Spider:1)
  2 necromancers (Vaults:3)
  7 lindwurms
  2 wolf spider zombies (Spider:1)
  9 deep elf pyromancers
  2 steelbarb worms
  An orc knight (Orc:2)
  11 deep elf zephyrmancers
  2 harpies (Vaults:3)
  2 oklob plants (Lair:4)
  A cyclops (D:14)
  6 salamanders
  2 manticores
  10 elephants
  6 ugly things
  9 wolf spiders
  5 will-o-the-wisps
  10 moths of wrath
  5 meliai
  2 kobold blastminers (Orc:2)
  2 rust devils
  A faun (shapeshifter) (Vaults:5)
  18 slime creatures
  5 guardian serpents (Desolation)
  An ice statue (IceCv)
  2 black mambas
  A molten gargoyle (Vaults:2)
  2 naga magi (Vaults:2)
  A cane toad (shapeshifter) (Vaults:5)
  8 vault sentinels
  3 gargoyles
  8 cane toads
  2 hellions (D:15)
  4 rime drakes
  An unseen horror (shapeshifter) (D:15)
  4 freezing wraiths
  6 yaktaurs
  4 torpor snails
  A kobold demonologist (Depths:4)
  4 komodo dragons
  2 tengu conjurers
  A spark wasp simulacrum (Depths:2)
  A tormentor (Zot:2)
  A queen bee (shapeshifter) (Elf:1)
  2 trolls
  A demonic crawler zombie (Spider:4)
  2 wolf spider simulacra (Spider:1)
  13 tarantellas
  11 polar bears
  7 tyrant leeches
  A wind drake (D:15)
  7 hornets
  45 saltlings
  A black mamba (shapeshifter) (Vaults:5)
  14 blink frogs
  4 raiju (Lair:5)
  A blink frog (shapeshifter) (D:13)
  A fire giant simulacrum (Depths:2)
  5 culicivoras
  9 dream sheep
  8 jumping spiders
  2 shadows
  An air elemental (Elf:3)
  5 spriggans
  2 fire elementals
  A human (D:14)
  3 basilisks
  4 golden eyes (D:1)
  4 wargs
  33 yaks
  24 redbacks
  2 steam dragons
  Menkaure (D:6)
  10 swamp worms
  7 vampire mosquitoes
  An acid dragon (Lair:5)
  6 hell hounds
  4 water moccasins
  2 meliai simulacra (D:15)
  27 orc warriors
  A sky beast (D:7)
  A laughing skull (D:14)
  6 swamp drakes
  6 black bears
  2 ogres (Orc:2)
  20 wolves
  5 centaurs
  3 lemures (D:6)
  3 kobold brigands
  An elf zombie (Ossuary)
  A scorpion (D:5)
  10 bullfrogs
  2 gnoll sergeants
  5 wights (D:8)
  6 killer bees
  2 lindwurm simulacra (IceCv)
  A howler monkey (D:5)
  A bombardier beetle (D:5)
  A lava snake (Vaults:2)
  A centaur zombie (Ossuary)
  4 human zombies (Ossuary)
  A hound (D:6)
  2 komodo dragon simulacra (IceCv)
  10 orc priests
  2 jellies (Lair:5)
  3 iguanas
  6 orc wizards
  2 crocodile zombies (Ossuary)
  3 mummies
  13 gnolls
  An adder (D:5)
  A white imp (D:7)
  A spectral adder (Ossuary)
  3 steam dragon simulacra (IceCv)
  A spectral gnoll (Ossuary)
  2 adder simulacra (Ossuary)
  24 orcs
  5 endoplasms (Lair:5)
  9 kobolds
  A kobold zombie (Ossuary)
  2 orc zombies (Ossuary)
  A spectral jackal (Ossuary)
  An aspiring flesh (Zot:5)
995 creatures vanquished.

Vanquished Creatures (others)
  2 golden dragons
  A tengu reaver (Vaults:5)
  A storm dragon (Zot:5)
  A frost giant (Depths:4)
  A red draconian (Zot:5)
  2 very ugly thing zombies (Depths:1)
  An ice dragon (Depths:1)
  5 Orb Guardian zombies (Zot:5)
  A deep troll shaman (Depths:1)
  2 titan zombies (Vaults:5)
  A storm dragon zombie (Vaults:5)
  A deep elf knight (Elf:1)
  2 golden dragon zombies
  A bunyip zombie (Swamp:1)
  A spark wasp zombie (Depths:4)
  A ghost moth zombie (Spider:4)
  A goliath frog (Swamp:1)
  A deep troll (Depths:1)
  A tengu zombie (Vaults:5)
  A shadow dragon zombie (Vaults:5)
  2 wolf spider zombies (Spider:4)
  A wolf spider (Lair:5)
  A jorogumo zombie (Spider:4)
  A goliath frog zombie (Swamp:1)
  A hell hog zombie (Lair:5)
  A fire giant zombie (Vaults:5)
  A stone giant zombie (Vaults:5)
  4 frost giant zombies
  A centaur zombie (D:14)
  A shock serpent zombie (Vaults:5)
  4 orb spider zombies (Spider:4)
  A sea snake zombie (Vaults:2)
  An unseen horror (Depths:1)
  A tengu conjurer (D:15)
  An iron troll zombie (Depths:3)
  3 redback zombies
  2 hydra zombies (Swamp:4)
  A demonic crawler zombie (Spider:4)
  A bloated husk (Swamp:1)
  3 culicivora zombies (Spider:4)
  3 jumping spider zombies (Spider:4)
  A meliai zombie (Spider:4)
  A tarantella (Spider:4)
  A tarantella zombie (Vaults:2)
  An ice dragon zombie (Depths:1)
  2 fire dragon zombies
  An ettin zombie (Vaults:5)
  2 guardian serpent zombies (Desolation)
  2 black mamba zombies
  A yak (Lair:3)
  4 slime creature zombies (Vaults:1)
  3 deep troll zombies
  A water nymph zombie (Vaults:5)
  A faun zombie (Vaults:5)
  3 cane toad zombies
  7 blink frog zombies
  3 elephant zombies (Lair:5)
  A dream sheep zombie (Lair:4)
  8 elf zombies
  4 swamp dragon zombies
  2 wolves
  2 kobold zombies (Orc:2)
  A torpor snail zombie (Spider:4)
  4 yaktaur zombies
  4 salamander zombies (D:15)
  A komodo dragon zombie (Lair:4)
  2 hell hound zombies (Lair:5)
  A water moccasin zombie (Lair:4)
  9 yak zombies
  A polar bear zombie (Lair:5)
  4 wolf zombies
  2 black bear zombies (Lair:5)
  A bullfrog zombie (Lair:3)
  11 human zombies
  3 ogre zombies
  83 battlemagi
  3 swamp drake zombies (Swamp:4)
  3 jelly zombies (Lair:5)
  3 endoplasm zombies (Lair:5)
  40 orc zombies
  A butterfly (Depths:1)
  523 foxfires
814 creatures vanquished.

Grand Total: 2941 creatures vanquished

Table legend:
 A = Non-vault XP
 B = Vault XP
 C = Vault XP percentage of total XP
 D = Non-vault monster count
 E = Vault monster count
 F = Vault count percentage of total count
                 A         B        C        D         E       F
            +---------+---------+-------+---------+---------+-------
      Total |  505100 |  633635 |  55.6 |    1153 |     959 |  45.4
            +---------+---------+-------+---------+---------+-------
        D:1 |      50 |       5 |   9.1 |      26 |       2 |   7.1
        D:2 |     106 |      73 |  40.8 |      20 |      14 |  41.2
        D:3 |      61 |      50 |  45.0 |      17 |       6 |  26.1
        D:4 |     410 |       0 |   0.0 |      26 |       0 |   0.0
        D:5 |     686 |      18 |   2.6 |      15 |       1 |   6.2
        D:6 |     792 |     826 |  51.1 |      16 |       2 |  11.1
        D:7 |     546 |       0 |   0.0 |      10 |       0 |   0.0
        D:8 |    3152 |    1130 |  26.4 |      43 |       5 |  10.4
        D:9 |    2359 |       0 |   0.0 |      29 |       0 |   0.0
       D:10 |    2976 |       0 |   0.0 |      24 |       0 |   0.0
       D:11 |    4036 |       0 |   0.0 |      16 |       0 |   0.0
       D:12 |    4705 |    1913 |  28.9 |      14 |       1 |   6.7
       D:13 |    7971 |       0 |   0.0 |      23 |       0 |   0.0
       D:14 |    4379 |    4195 |  48.9 |      13 |       7 |  35.0
       D:15 |       0 |   25856 | 100.0 |       0 |      55 | 100.0
     Lair:1 |    3514 |    4727 |  57.4 |      17 |      13 |  43.3
     Lair:2 |    8933 |    3327 |  27.1 |      34 |      10 |  22.7
     Lair:3 |    6056 |    2396 |  28.3 |      23 |       4 |  14.8
     Lair:4 |   11095 |    2650 |  19.3 |      33 |       6 |  15.4
     Lair:5 |   18506 |   14682 |  44.2 |      51 |      76 |  59.8
    Swamp:1 |   10260 |       0 |   0.0 |      20 |       0 |   0.0
    Swamp:2 |   11194 |    2594 |  18.8 |      22 |       2 |   8.3
    Swamp:3 |   17071 |    1126 |   6.2 |      31 |       2 |   6.1
    Swamp:4 |   14055 |   17735 |  55.8 |      32 |      26 |  44.8
   Spider:1 |   17738 |    9324 |  34.5 |      46 |      18 |  28.1
   Spider:2 |   12915 |    2483 |  16.1 |      31 |       9 |  22.5
   Spider:3 |   16748 |       0 |   0.0 |      43 |       0 |   0.0
   Spider:4 |   10574 |   28710 |  73.1 |      23 |      47 |  67.1
      Orc:1 |    1701 |    1674 |  49.6 |      23 |       2 |   8.0
      Orc:2 |    5822 |    8044 |  58.0 |      42 |      43 |  50.6
      Elf:1 |   13028 |    7400 |  36.2 |      21 |      12 |  36.4
      Elf:2 |   20327 |   17556 |  46.3 |      35 |      27 |  43.5
      Elf:3 |   15534 |   35921 |  69.8 |      29 |      30 |  50.8
   Vaults:1 |   31754 |   19106 |  37.6 |      47 |      26 |  35.6
   Vaults:2 |   20243 |   30788 |  60.3 |      28 |      34 |  54.8
   Vaults:3 |   26664 |   34856 |  56.7 |      39 |      41 |  51.2
   Vaults:4 |   18349 |   55229 |  75.1 |      28 |      64 |  69.6
   Vaults:5 |   12066 |   95706 |  88.8 |      13 |      82 |  86.3
   Depths:1 |   17169 |    8471 |  33.0 |      25 |      17 |  40.5
   Depths:2 |   25480 |   20490 |  44.6 |      27 |      19 |  41.3
   Depths:3 |   11771 |   38561 |  76.6 |      13 |      39 |  75.0
   Depths:4 |   32284 |   23903 |  42.5 |      32 |      21 |  39.6
      Zot:1 |   11956 |    6587 |  35.5 |      11 |       7 |  38.9
      Zot:2 |    3013 |    4265 |  58.6 |       2 |       3 |  60.0
      Zot:3 |    1938 |       0 |   0.0 |       3 |       0 |   0.0
      Zot:4 |    7903 |       0 |   0.0 |       7 |       0 |   0.0
      Zot:5 |   37210 |   57468 |  60.7 |      30 |      21 |  41.2
    Ossuary |       0 |     605 | 100.0 |       0 |      48 | 100.0
      IceCv |       0 |    3723 | 100.0 |       0 |      28 | 100.0
 Desolation |       0 |   39462 | 100.0 |       0 |      89 | 100.0
            +---------+---------+-------+---------+---------+-------

Skill      XL: |  1  2  3  4  5  6  7  8  9 10 11 12 13 14 15 16 17 18 19 20 21 22 23 24 25 26 |
---------------+-------------------------------------------------------------------------------+-----
Fire Magic     | 3 5 7 8 |  8.0
Spellcasting   | 3 4 7 8 10 11 | 11.1
Fighting       | 1 3 5 7 10 13 15 16 17 19 20 21 24 26 27 | 27.0
Conjurations   | 4 5 8 |  8.0
Air Magic      | 4 |  4.0
Alchemy        | 4 |  4.0
Invocations    | 4 10 | 10.0
Evocations     | 4 |  4.0
Necromancy     | 7 8 |  8.0
Earth Magic    | 2 7 8 |  8.0
Shields        | 5 11 12 15 16 17 20 | 20.0
Axes           | 1 11 15 16 17 18 | 18.0
Dodging        | 2 6 10 12 14 | 14.0
Shapeshifting  | 10 14 16 17 | 17.8
Stealth        | |  1.4

Action                     |  1- 3 |  4- 6 |  7- 9 | 10-12 | 13-15 | 16-18 | 19-21 | 22-24 | 25-27 || total
---------------------------+-------+-------+-------+-------+-------+-------+-------+-------+-------++-------
  Melee: Unarmed           |     3 |       |       |       |       |       |       |       |       ||     3
         Headbutt          |     4 |    10 |    38 |    29 |   117 |   135 |   217 |   222 |    75 ||   847
         Trident           |    55 |    84 |   101 |       |       |       |       |       |       ||   240
         Punch             |       |     1 |     1 |     4 |     5 |       |       |       |       ||    11
         Whip              |       |       |    51 |    87 |       |       |       |       |       ||   138
         Dire flail        |       |       |       |    14 |    62 |       |       |       |       ||    76
         Morningstar       |       |       |       |       |   304 |   136 |       |       |       ||   440
         Kick              |       |       |       |       |    93 |   228 |   322 |   312 |   111 ||  1066
         War axe           |       |       |       |       |       |   329 |   596 |       |       ||   925
         Broad axe         |       |       |       |       |       |    22 |   168 |   682 |   220 ||  1092
  Throw: Dart              |       |       |     1 |     8 |       |     4 |       |       |       ||    13
   Cast: Foxfire           |    53 |   127 |   151 |       |       |       |       |       |       ||   331
         Scorch            |       |    21 |    39 |   191 |     2 |       |       |       |       ||   253
         Mephitic Cloud    |       |       |       |    32 |     1 |       |       |       |       ||    33
         Animate Dead      |       |       |       |     1 |    17 |    12 |    14 |     8 |     7 ||    59
         Borgnjor's Vile C |       |       |       |       |   110 |   120 |    19 |     9 |     1 ||   259
         Fireball          |       |       |       |       |    41 |    33 |     4 |       |       ||    78
         Fugue of the Fall |       |       |       |       |       |       |       |     5 |       ||     5
 Invoke: Recall Ancestor   |       |       |     5 |     2 |    12 |     4 |     7 |     2 |     5 ||    37
         Ancestor Identity |       |       |     1 |       |       |       |       |       |       ||     1
         Ancestor Life: Ba |       |       |     1 |       |       |       |       |       |       ||     1
         Idealise          |       |       |       |     2 |     9 |    14 |    12 |     4 |     3 ||    44
  Evoke: Wand              |       |       |       |    17 |     8 |    27 |     6 |     2 |     2 ||    62
         Phantom mirror    |       |       |       |       |       |       |     2 |       |       ||     2
         Condenser vane    |       |       |       |       |       |       |     1 |     1 |       ||     2
    Use: Scroll            |       |     2 |     8 |    10 |    13 |    16 |    19 |    11 |    14 ||    93
         Potion            |       |       |       |     6 |     2 |     8 |    23 |       |     6 ||    45
   Stab: Sleeping          |     1 |       |     2 |     1 |     2 |     1 |       |       |       ||     7
         Distracted        |       |       |     3 |     3 |     9 |    17 |    24 |    32 |     7 ||    95
         Confused          |       |       |       |     4 |     2 |       |       |       |       ||     6
         Invisible         |       |       |       |     2 |       |       |       |       |     3 ||     5
 Armour: Robe              |    32 |    92 |    96 |       |    28 |       |       |       |       ||   248
         Steam dragon scal |       |       |    25 |   250 |   553 |   170 |       |       |       ||   998
         Swamp dragon scal |       |       |       |       |       |   215 |   414 |       |       ||   629
         Skin              |       |       |       |       |       |       |   179 |   685 |   169 ||  1033
  Dodge: Dodged            |    23 |    46 |    86 |   125 |   454 |   300 |   201 |   242 |    92 ||  1569
  Block: Other             |       |       |       |       |    56 |       |       |       |       ||    56
         Kite shield       |       |       |       |       |    62 |   582 |   696 |       |       ||  1340
         Reflection        |       |       |       |       |     9 |    22 |    64 |    66 |    13 ||   174
         Tower shield      |       |       |       |       |       |       |    43 |  1371 |   423 ||  1837
   Form: Statue            |       |       |       |       |       |       |     1 |       |       ||     1

Illustrated notes

Table legend:
 A = Kills in this place as a percentage of kills in the entire game.
 B = Kills by you in this place as a percentage of kills by you in the entire game.
 C = Kills by friends in this place as a percentage of kills by friends in the entire game.
 D = Other kills in this place as a percentage of other kills in the entire game.
 E = Experience gained in this place as a percentage of experience gained in the entire game.
 F = Experience gained in this place divided by the number of levels of this place that you have seen.
                   A       B       C       D       E      F
               +-------+-------+-------+-------+-------+----------------------
         Total | 100.0 | 100.0 | 100.0 | 100.0 | 100.0 | 23103.3
       Dungeon |  18.7 |  20.8 |  16.2 |  23.8 |   6.4 | 4960.7
          Lair |  12.5 |   8.6 |  16.5 |  38.1 |   6.6 | 15177.2
         Swamp |   6.3 |   4.7 |   8.2 |   4.8 |   6.4 | 18508.8
   Spider Nest |  10.2 |  10.7 |   9.8 |   0.0 |   8.5 | 24623.0
  Orcish Mines |   5.2 |   5.4 |   4.9 |   0.0 |   1.5 | 8620.5
   Elven Halls |   7.2 |   7.9 |   6.5 |   4.8 |   9.5 | 36588.7
        Vaults |  18.9 |  20.3 |  17.4 |   9.5 |  29.8 | 68952.2
        Depths |   9.1 |  11.4 |   6.6 |   9.5 |  15.7 | 45206.5
           Zot |   4.2 |   3.3 |   5.1 |   9.5 |  11.8 | 27192.0
       Ossuary |   2.3 |   2.7 |   1.8 |   0.0 |   0.1 | 605.0
      Ice Cave |   1.3 |   1.7 |   0.9 |   0.0 |   0.3 | 3723.0
    Desolation |   4.2 |   2.4 |   6.3 |   0.0 |   3.4 | 39462.0
               +-------+-------+-------+-------+-------+----------------------

Table legend: (Time is in decaauts)
 A = Elapsed time spent in this place.
 B = Non-inter-level travel time spent in this place.
 C = Inter-level travel time spent in this place.
 D = Time resting spent in this place.
 E = Time spent auto-exploring this place.
 F = Levels seen in this place.
 G = Mean time per level.
                   A        B        C        D        E       F      G
               +--------+--------+--------+--------+--------+-----+--------+
         Total |  83379 |  77772 |   5607 |  22113 |  42280 |  50 | 1667.6 |
       Dungeon |  21086 |  19039 |   2047 |   3814 |  12432 |  15 | 1405.7 |
          Lair |  12305 |  11637 |    668 |   3515 |   6379 |   5 | 2461.0 |
         Swamp |   5848 |   5695 |    153 |   1464 |   3284 |   4 | 1462.0 |
   Spider Nest |   6889 |   6727 |    162 |   2493 |   3173 |   4 | 1722.2 |
  Orcish Mines |   3491 |   3240 |    251 |   1456 |   1203 |   2 | 1745.5 |
   Elven Halls |   5835 |   5335 |    500 |   2037 |   2473 |   3 | 1945.0 |
        Vaults |  14154 |  12959 |   1195 |   3957 |   6430 |   5 | 2830.8 |
        Depths |   7835 |   7299 |    536 |   1130 |   5103 |   4 | 1958.8 |
           Zot |   2282 |   2191 |     91 |    795 |    649 |   5 |  456.4 |
       Ossuary |    985 |    985 |      0 |    297 |    458 |   1 |  985.0 |
      Ice Cave |   1262 |   1262 |      0 |    751 |    124 |   1 | 1262.0 |
    Desolation |   1400 |   1400 |      0 |    402 |    571 |   1 | 1400.0 |
               +--------+--------+--------+--------+--------+-----+--------+

Top non-repeatable levels by time:
Vaults:1: 3584 daAuts
Vaults:2: 2912 daAuts
     D:8: 2699 daAuts
Vaults:3: 2659 daAuts
  Lair:1: 2547 daAuts
Vaults:4: 2531 daAuts
  Lair:5: 2519 daAuts
  Lair:4: 2507 daAuts
Depths:3: 2472 daAuts
Vaults:5: 2466 daAuts
    D:15: 2462 daAuts
  Lair:3: 2406 daAuts
   Orc:2: 2325 daAuts
  Lair:2: 2324 daAuts
 Swamp:4: 2153 daAuts
